 Dungeon Crawl Stone Soup version 0.32-a0-908-g8e5f33bbaa (webtiles) character file.

Game seed: 10942866842454434777

0 Romche the Sneak (level 1, -3/10 HPs)
             Began as a Vampire Earth Elementalist on Apr 6, 2024.
             Slain by a quokka (4 damage)
             ... on level 1 of the Dungeon.
             The game lasted 00:04:34 (390 turns).

Romche the Sneak (Vampire Earth Elementalist)        Turns: 390, Time: 00:04:35

Health: -3/10      AC:  3    Str:  7    XL:     1   Next: 8%
Magic:  2/3        EV: 11    Int: 17    God:
Gold:   0          SH:  0    Dex: 14    Spells: 3/4 levels left

rFire   . . .        (no weapon)
rCold   + + .        (no shield)
rNeg    + + +        a - +0 robe
rPois   ∞            (no helmet)
rElec   .            (no cloak)
rCorr   .            d - +0 pair of gloves
SInv    +            (no boots)
Will    .....        (no amulet)
Stlth   ++++         (no ring)
HPRegen 0.00/turn    (no ring)
MPRegen 0.08/turn

%: no passive effects
@: bloodless, inhibited regen
A: bloodless, fangs 3, see invisible, vampiric 1
a: Revivify


You were on level 1 of the Dungeon.
You visited 1 branch of the dungeon, and saw 1 of its levels.

Inventory:

Missiles
 e - 4 curare-tipped darts
Armour
 a - a +0 robe (worn)
 c - a +0 robe
 d - a +0 pair of gloves (worn)
Potions
 b - a potion of magic


   Skills:
 + Level 2.1 Dodging
 + Level 3.0 Stealth
 + Level 2.0 Spellcasting
 + Level 0.6 Conjurations
 + Level 3.0 Earth Magic


You had 3 spell levels left.
You knew the following spells:

 Your Spells              Type           Power      Damage    Failure   Level
a - Sandblast             Erth           24%        2d8       5%          1

Your spell library contained the following spells:

 Spells                   Type           Power      Damage    Failure   Level
 Passwall                 Erth           12%        N/A       17%         3
 Stone Arrow              Conj/Erth      14%        3d7       28%         3
 Brom's Barrelling Bould  Conj/Erth      7%         2d3       67%         4
 Petrify                  Alch/Erth      6%         N/A       71%         4


Dungeon Overview and Level Annotations

Branches:
Dungeon (1/15)

Altars:


Innate Abilities, Weirdness & Mutations

You do not regenerate when monsters are visible.
You are frail without blood (-20% HP).
You can heal yourself when you bite living creatures.
You are immune to poison.
You have razor-sharp teeth.
You have supernaturally acute eyesight. (SInv)
You are afflicted with vampirism.


Message History

You see here a +0 robe.
c - a +0 robe 2 quokkas come into view.
Okay, then.
Okay, then.
Okay, then.
You aren't carrying any scrolls.
What are your orders? t - Shout!
Orders for allies: a - Attack new target. r - Retreat! s - Stop attacking. g - Guard the area. f - Follow me.
Anything else - Cancel.
Gang up on whom?
Press: ? - help, Dir - move target
Okay, then.
A kobold comes into view. It is wielding a +0 short sword.
The quokka completely misses you. The quokka closely misses you.
There are monsters nearby!
The blast of sand hits the quokka.
The quokka is moderately wounded.
The quokka bites you.
The quokka bites you but does no damage.
The quokka bites you.
You begin the revivification ritual.
You continue your ritual.
The quokka bites you but does no damage.
The quokka closely misses you.
You continue your ritual.
The quokka barely misses you. The quokka closely misses you.
The quokka bites you but does no damage.
The quokka bites you.
You continue your ritual.
The quokka misses you. The quokka closely misses you.
You continue your ritual.
The quokka barely misses you. The quokka bites you.
* * * LOW HITPOINT WARNING * * *
You continue your ritual.
The quokka misses you. The quokka bites you.
You die...

####### ####### ####
#.....# #.....#####...
#.....# #.............
.###.....# #.............
.......r@# #.............
........r###.............
......#...............###
..... #.......###........
K... #.......# #........
... ..........# .........
.. ...............##...##
. .............#. #...
......######## . ##..


You could see 2 quokkas.

Vanquished Creatures
  A frilled lizard (D:1)
1 creature vanquished.

Notes
Turn   | Place    | Note
-------+----------+-------------------------------------------
     0 | D:1      | Romche the Vampire Earth Elementalist began the quest for
                  | the Orb.
     0 | D:1      | Reached XP level 1. HP: 13/13 MP: 3/3
   390 | D:1      | Slain by a quokka

Illustrated notes

Levels and vault maps discovered:
D:1:      dpeg_arrival_water_fire, layout_basic,
          wander_ebering_terrifying_dragon_lair

Action                     || total
---------------------------++-------
  Melee: Unarmed           ||     6
   Cast: Sandblast         ||     1
Ability: Exsanguinate      ||     1
         Revivify          ||     1
    Use: Scroll            ||     1
 Armour: Robe              ||    25
  Dodge: Dodged            ||    11

Table legend: (Time is in decaauts)
 A = Elapsed time spent in this place.
 B = Non-inter-level travel time spent in this place.
 C = Inter-level travel time spent in this place.
 D = Time resting spent in this place.
 E = Time spent auto-exploring this place.
 F = Levels seen in this place.
 G = Mean time per level.
                   A        B        C        D        E       F      G
               +--------+--------+--------+--------+--------+-----+--------+
         Total |    390 |    377 |     13 |      0 |     46 |   1 |  390.0 |
       Dungeon |    390 |    377 |     13 |      0 |     46 |   1 |  390.0 |
               +--------+--------+--------+--------+--------+-----+--------+

Top non-repeatable levels by time:
     D:1: 390 daAuts
